 Dungeon Crawl Stone Soup version 0.22-a0-147-gfdd7f25 (console) character file.

499 yesno the Skirmisher (level 7, -1/72 HPs)
             Began as an Ogre Fire Elementalist on Feb 7, 2018.
             Killed from afar by an orc wizard (7 damage)
             ... with a puff of flame
             ... on level 4 of the Dungeon.
             The game lasted 00:16:22 (4488 turns).

yesno the Skirmisher (Ogre Fire Elementalist)       Turns: 4488, Time: 00:16:22

Health: -1/72      AC:  3    Str: 11 (13) XL:     7   Next: 16%
Magic:  0/14       EV: 10    Int: 15 (18) God:
Gold:   105        SH:  0    Dex:  6 (9)  Spells: 9/16 levels left

rFire    . . .     SeeInvis .   i - +0 whip
rCold    . . .     Gourm    .   (no shield)
rNeg     . . .     Faith    .   o - +0 robe
rPois    .         Spirit   +   (helmet restricted)
rElec    .         Reflect  .   (no cloak)
rCorr    .         Harm     .   (gloves unavailable)
MR       .....                  (boots unavailable)
Stlth    +.........             h - amulet of guardian spirit
HPRegen  0.22/turn              (no ring)
MPRegen  0.14/turn              (no ring)

@: about to teleport
A: large, unfitting armour, tough skin 1
a: no special abilities


You were on level 4 of the Dungeon.
You were very hungry.

You visited 1 branch of the dungeon, and saw 4 of its levels.

You collected 105 gold pieces.

Inventory:

Hand Weapons
 i - a +0 whip (weapon)
Missiles
 d - 210 stones (quivered)
Armour
 o - a +0 robe (worn)
Jewellery
 h - an amulet of guardian spirit (around neck)
 n - a cursed ring of loudness {unknown}
 q - an uncursed amulet of harm {unknown}
Scrolls
 a - 2 scrolls of remove curse
 j - 2 scrolls of teleportation
 l - 2 scrolls of amnesia {unknown}
 p - a scroll of noise {unknown}
 r - a scroll of magic mapping {unknown}
Potions
 e - a potion of flight
 f - a potion of cancellation
 g - a potion of brilliance
Books
 b - a book of Flames

   Spells                             Type                      Level
   a - Flame Tongue                   Conjuration/Fire             1
   b - Throw Flame                    Conjuration/Fire             2
   c - Conjure Flame                  Conjuration/Fire             3
   d - Inner Flame                    Hexes/Fire                   3
   e - Sticky Flame                   Conjuration/Fire             4
   f - Fireball                       Conjuration/Fire             5
Comestibles
 c - 5 rations


   Skills:
 * Level 5.3 Fighting
 + Level 3.2 Dodging
 - Level 1.4 Stealth
 - Level 5.0 Spellcasting
 - Level 0.8 Conjurations
 + Level 3.8 Fire Magic


You had 9 spell levels left.
You knew the following spells:

 Your Spells              Type           Power        Failure   Level  Hunger
a - Flame Tongue          Conj/Fire      ##...        6%          1    None
b - Throw Flame           Conj/Fire      ##....       10%         2    ##.....
c - Sticky Flame          Conj/Fire      ##......     52%         4    ####...


Dungeon Overview and Level Annotations

Branches:
Dungeon (4/15)
 Temple: D:4-7

Altars:
Hepliaklqana
The Shining One

Portals:
Sewer: D:4

Annotations:
D:4 exclusion: howler monkey


Innate Abilities, Weirdness & Mutations

You are too large for most types of armour.
You have tough skin. (AC +1)


Message History

Unknown command.
You miss something. Something hits you.
* * * LOW HITPOINT WARNING * * *
You hear some strange, mumbled words.
A puff of frost appears from out of thin air!
The puff of frost misses you.
You take 1 damage, and have 13/72 hp.
You closely miss something. Something hits you but does no damage.
You hear some strange, mumbled words.
A puff of flame appears from out of thin air!
The puff of flame hits you!
* * * LOW HITPOINT WARNING * * *
You take 7 damage, and have 6/72 hp.
Okay, then.
As you read the scroll of teleportation, it crumbles to dust.
You feel strangely unstable.
You hear some strange, mumbled words.
A puff of flame appears from out of thin air!
The puff of flame hits you!
You die...

▒▒▒▒
▒▒▒▒···▒▒▒▒▒▒▒▒▒▒
·······s♠@·······
▒▒▒··▒·▒▒▒▒▒▒▒▒▒
▒····▒▒ ▒·▒···▒ ▒
▒·▒·▒ ▒···▒ ▒▒·▒▒
▒··▒ ▒··▒


You could see a giant cockroach.

Vanquished Creatures
  A centaur (D:3)
  A hound (D:4)
  A jelly (D:4)
  2 orc priests (D:2)
  2 orc wizards
  A killer bee zombie (D:2)
  Robin (D:2)
  A howler monkey skeleton (D:3)
  5 adders
  4 gnolls (D:2)
  An ooze (D:2)
  An adder skeleton (D:4)
  A worm (D:4)
  3 dart slugs
  5 leopard geckos
  6 orcs
  4 bats
  11 giant cockroaches
  7 hobgoblins
  8 jackals
  2 ball pythons
  2 frilled lizards (D:1)
  10 goblins
  7 kobolds
  13 rats
100 creatures vanquished.

Notes
Turn   | Place    | Note
-------+----------+-------------------------------------------
     0 | D:1      | yesno the Ogre Fire Elementalist began the quest for the Orb.
     0 | D:1      | Reached XP level 1. HP: 16/16 MP: 3/3
   200 | D:1      | Reached skill level 1 in Fighting
   238 | D:1      | Reached XP level 2. HP: 18/27 MP: 0/5
   242 | D:1      | Learned a level 2 spell: Throw Flame
   623 | D:1      | Reached XP level 3. HP: 35/35 MP: 1/7
  1538 | D:2      | Reached XP level 4. HP: 44/44 MP: 0/9
  1622 | D:2      | Learned a level 4 spell: Sticky Flame
  2238 | D:2      | Reached XP level 5. HP: 43/53 MP: 1/10
  2429 | D:2      | Found a glowing golden altar of the Shining One.
  2715 | D:2      | Noticed Robin
  2734 | D:2      | Killed Robin
  3155 | D:2      | Reached XP level 6. HP: 32/62 MP: 0/12
  4126 | D:4      | Noticed a phantom
  4318 | D:4      | Found a glowing drain.
  4356 | D:4      | Reached skill level 5 in Fighting
  4366 | D:4      | Reached skill level 5 in Spellcasting
  4366 | D:4      | Reached XP level 7. HP: 68/72 MP: 5/14
  4381 | D:4      | Found a hazy altar of Hepliaklqana.
  4488 | D:4      | Killed from afar by an orc wizard

Vault maps used:
D:1:      dpeg_arrival_rooms_b, minmay_misc_feat_encased
D:2:      tso_oasis_becter, uniq_robin
D:4:      kennysheep_little_box, portal_sewer_entry_f, kennysheep_pointless_box,
          doesnt_xom_only_xom

Skill      XL: |  1  2  3  4  5  6 |
---------------+-------------------+-----
Fighting       | 1 2 3 4 5 |  5.3
Dodging        | 2 3 |  3.2
Spellcasting   | 3 4 5 |  5.0
Fire Magic     | 3 |  3.8
Stealth        | |  1.4
Conjurations   | |  0.8

Action                   |  1- 3 |  4- 6 |  7- 9 || total
-------------------------+-------+-------+-------++-------
Melee: Unarmed           |    48 |       |       ||    48
       Whip              |    53 |   143 |    21 ||   217
 Cast: Flame Tongue      |    27 |    69 |    14 ||   110
       Throw Flame       |    15 |    38 |     2 ||    55
  Use: Scroll            |     4 |     3 |     2 ||     9
       Potion            |       |       |     3 ||     3
 Stab: Sleeping          |     2 |     3 |       ||     5
  Eat: Chunk             |     3 |     6 |       ||     9
       Ration            |       |     1 |       ||     1
Armor: Robe              |    43 |    42 |    10 ||    95
Dodge: Dodged            |    58 |   122 |    13 ||   193

Table legend:
 A = Spawn XP
 B = Non-spawn XP
 C = Spawn XP percentage of total XP
 D = Spawn monster count
 E = Non-spawn monster count
 F = Spawn count percentage of total count
 G = Total turns spent on level
                    A         B        C        D         E        F      G
               +---------+---------+-------+---------+---------+-------+---------
         Total |       0 |     713 |   0.0 |       0 |     100 |   0.0 |  4488
               +---------+---------+-------+---------+---------+-------+---------
           D:1 |       0 |      80 |   0.0 |       0 |      33 |   0.0 |  1619
           D:2 |       0 |     294 |   0.0 |       0 |      33 |   0.0 |  1834
           D:3 |       0 |     175 |   0.0 |       0 |      22 |   0.0 |   816
           D:4 |       0 |     164 |   0.0 |       0 |      12 |   0.0 |   219
               +---------+---------+-------+---------+---------+-------+---------
